[Event "European Amateur Chess-ch 2022"]
[Site "Zagreb"]
[Date "2022.08.17"]
[Round "5.10"]
[White "Krikunov, Dmitry"]
[Black "Horvat, Damjan"]
[Result "1-0"]
[ECO "B51"]
[WhiteElo "2202"]
[BlackElo "2072"]
[Annotator "NA RC"]
[PlyCount "85"]
[EventDate "2022.08.14"]
[EventCountry "CRO"]
[SourceTitle "playchess.com"]
[Source "ChessBase"]
[SourceQuality "1"]
[TimeControl "40/5400+30:1800+30"]

1. e4 c5 2. Nf3 d6 3. Bb5+ Nd7 4. d4 cxd4 5. Qxd4 e5 6. Qd3 h6 7. O-O Ngf6 8. Re1 a6 9. Bxd7+ Bxd7 10. a4 Be7 11. c4 O-O 12. Nc3 Be6 13. b3 Nd7 14. Ba3 Rc8 15. Nd5 Nc5 16. Bxc5 Rxc5 17. b4 Rc8 18. Red1 Bxd5 19. Qxd5 Qb6 20. Rab1 Qc6 21. Rbc1 Rc7 22. c5 Qxd5 23. exd5 a5 24. b5 Rxc5 25. Rxc5 dxc5 26. Nxe5 Bf6 27. Nc4 Bd8 28. Kf1 Re8 29. Re1 Rf8 30. Ke2 Bf6 31. Kd3 Rd8 32. d6 Kf8 33. g3 g5 34. g4 Bd4 35. f3 f6 36. Re7 Be5 37. Rxb7 Bxd6 38. Nxd6 Rxd6+ 39. Kc3 Rd4 40. Ra7 Ke8 41. Rxa5 Kd7 42. Ra7+ Kc8 43. a5 1-0

[Event "European Amateur Chess-ch 2022"]
[Site "Zagreb"]
[Date "2022.08.17"]
[Round "5.11"]
[White "Frouth, Nenad"]
[Black "Prihoda, Leonardo"]
[Result "0-1"]
[ECO "B13"]
[WhiteElo "2121"]
[BlackElo "1995"]
[Annotator "NA RC"]
[PlyCount "108"]
[EventDate "2022.08.14"]
[EventCountry "CRO"]
[SourceTitle "playchess.com"]
[Source "ChessBase"]
[SourceQuality "1"]
[TimeControl "40/5400+30:1800+30"]

1. Nf3 Nf6 2. d4 d5 3. Bf4 c5 4. e3 cxd4 5. exd4 Nc6 6. c3 e6 7. Nbd2 h6 8. h3 Bd6 9. Ne5 Qc7 10. Bb5 O-O 11. Bxc6 bxc6 12. O-O Nh7 13. Bg3 f6 14. Ng6 Re8 15. Bxd6 Qxd6 16. Qh5 Ba6 17. Rfe1 Bd3 18. Re3 Bxg6 19. Qxg6 Nf8 20. Qh5 Re7 21. Nf3 Rb8 22. b4 a5 23. a3 Ra7 24. Rae1 axb4 25. axb4 Rba8 26. g3 Ra1 27. Rxa1 Rxa1+ 28. Kg2 Qd7 29. Ne1 Qa7 30. Qe8 Qa8 31. Qe7 Ra7 32. Qc5 Kf7 33. Nd3 Re7 34. Rf3 Nd7 35. Qd6 Qb7 36. g4 Ke8 37. Re3 Kf7 38. h4 Nf8 39. Qg3 Qc7 40. Qf3 Ng6 41. Kh3 Nxh4 42. Ne5+ Qxe5 43. dxe5 Nxf3 44. Rxf3 Ra7 45. exf6 gxf6 46. c4 Rb7 47. cxd5 exd5 48. Rb3 c5 49. b5 c4 50. Rb1 Ke6 51. Kg3 d4 52. Kf4 Kd5 53. Rh1 c3 54. Kf3 Rxb5 0-1

[Event "European Amateur Chess-ch 2022"]
[Site "Zagreb"]
[Date "2022.08.17"]
[Round "5.12"]
[White "Gal, Moshe"]
[Black "Basaric, Srdjan"]
[Result "1-0"]
[ECO "A46"]
[WhiteElo "2111"]
[BlackElo "2024"]
[Annotator "NA RC"]
[PlyCount "81"]
[EventDate "2022.08.14"]
[EventCountry "CRO"]
[SourceTitle "playchess.com"]
[Source "ChessBase"]
[SourceQuality "1"]
[TimeControl "40/5400+30:1800+30"]

1. d4 Nf6 2. Nf3 d6 3. Nc3 Nbd7 4. Bf4 Nh5 5. Bd2 e5 6. e4 Nhf6 7. Bc4 Be7 8. a4 O-O 9. O-O c6 10. a5 Rb8 11. Qe2 b5 12. Bb3 a6 13. h3 Bb7 14. dxe5 dxe5 15. Bg5 Bc8 16. Rfd1 Qc7 17. Bh4 Nc5 18. Bg3 Nfd7 19. Nd4 Bf6 20. Ba2 g6 21. b4 Na4 22. Nxa4 bxa4 23. c3 c5 24. Nc2 Be7 25. Qc4 Nf6 26. Ne3 Rb5 27. Nd5 Nxd5 28. exd5 Bd6 29. Bb1 Qb7 30. Rxa4 Bd7 31. Bd3 cxb4 32. cxb4 Rc8 33. Qb3 Rbc5 34. Bxa6 Bxa4 35. Qxa4 Qxa6 36. bxc5 Bxc5 37. Bxe5 Qe2 38. Bg3 f5 39. d6 f4 40. d7 Rf8 41. Bh4 1-0

[Event "European Amateur Chess-ch 2022"]
[Site "Zagreb"]
[Date "2022.08.17"]
[Round "5.13"]
[White "Vukic, Aleksandar"]
[Black "Tomic, Stjepan"]
[Result "0-1"]
[ECO "B10"]
[WhiteElo "2073"]
[BlackElo "1990"]
[Annotator "NA RC"]
[PlyCount "64"]
[EventDate "2022.08.14"]
[EventCountry "CRO"]
[SourceTitle "playchess.com"]
[Source "ChessBase"]
[SourceQuality "1"]
[TimeControl "40/5400+30:1800+30"]

1. e4 c6 2. d3 d5 3. Nd2 g6 4. g3 Bg7 5. Bg2 e5 6. Ne2 Ne7 7. O-O O-O 8. c3 Nd7 9. Qb3 Nc5 10. Qc2 dxe4 11. dxe4 Nd3 12. Nc4 b5 13. Ne3 Nxc1 14. Raxc1 Qb6 15. c4 Be6 16. c5 Qc7 17. b3 Rad8 18. Rcd1 Kh8 19. f4 Bh6 20. Qc3 f6 21. Rxd8 Rxd8 22. g4 Bg7 23. f5 Bg8 24. g5 gxf5 25. exf5 Nd5 26. Bxd5 cxd5 27. Ng4 d4 28. Qg3 d3 29. gxf6 Qxc5+ 30. Kg2 Bxf6 31. Nxf6 dxe2 32. Re1 Qc6+ 0-1

[Event "European Amateur Chess-ch 2022"]
[Site "Zagreb"]
[Date "2022.08.17"]
[Round "5.14"]
[White "Grgantov, Marin"]
[Black "Dzaja, Martin Zorislav"]
[Result "1-0"]
[ECO "C07"]
[WhiteElo "2048"]
[BlackElo "1974"]
[Annotator "NA RC"]
[PlyCount "119"]
[EventDate "2022.08.14"]
[EventCountry "CRO"]
[SourceTitle "playchess.com"]
[Source "ChessBase"]
[SourceQuality "1"]
[TimeControl "40/5400+30:1800+30"]

1. e4 e6 2. d4 d5 3. Nd2 c5 4. Ngf3 cxd4 5. Nxd4 Nc6 6. Bb5 Bd7 7. Nxc6 bxc6 8. Bd3 Bd6 9. Qe2 Qc7 10. Nf3 dxe4 11. Qxe4 Nf6 12. Qh4 c5 13. Bd2 Be7 14. Qg3 Qxg3 15. hxg3 Rb8 16. Bc3 Bb5 17. Be5 Rb6 18. c4 Ba4 19. b3 Bc6 20. Bc3 h6 21. O-O O-O 22. Rfe1 Ng4 23. Ne5 Nxe5 24. Bxe5 Rd8 25. Rad1 Rb7 26. Bc2 Rbd7 27. Rxd7 Rxd7 28. Rd1 Rxd1+ 29. Bxd1 Be4 30. a3 Bd3 31. Bc3 f5 32. f3 Bg5 33. f4 Bf6 34. Bxf6 gxf6 35. g4 fxg4 36. Bxg4 f5 37. Bf3 a5 38. Bd1 Kf7 39. Kf2 a4 40. Ke3 Bf1 41. Kf2 Bd3 42. bxa4 Bxc4 43. a5 Ke7 44. Be2 Bd5 45. a6 Kd6 46. a7 Kc7 47. Bf3 Bxf3 48. Kxf3 Kb7 49. Ke3 Kxa7 50. Kd3 Kb6 51. Kc4 h5 52. a4 h4 53. a5+ Kc6 54. a6 e5 55. fxe5 f4 56. a7 Kb7 57. a8=Q+ Kxa8 58. e6 h3 59. gxh3 f3 60. e7 1-0

[Event "European Amateur Chess-ch 2022"]
[Site "Zagreb"]
[Date "2022.08.17"]
[Round "5.15"]
[White "Gal, Andrej"]
[Black "Vanden Bussche, Steven"]
[Result "1-0"]
[ECO "D16"]
[WhiteElo "1878"]
[BlackElo "2026"]
[Annotator "NA RC"]
[PlyCount "125"]
[EventDate "2022.08.14"]
[EventCountry "CRO"]
[SourceTitle "playchess.com"]
[Source "ChessBase"]
[SourceQuality "1"]
[TimeControl "40/5400+30:1800+30"]

1. d4 c6 2. c4 d5 3. Nf3 Nf6 4. Nc3 dxc4 5. a4 a5 6. e3 Bg4 7. Bxc4 e6 8. O-O Bb4 9. Be2 Nbd7 10. Bd2 O-O 11. h3 Bh5 12. Rc1 Qe7 13. Nh4 Bxe2 14. Qxe2 e5 15. dxe5 Nxe5 16. Nf5 Qd7 17. e4 Qd3 18. Rfe1 Qxe2 19. Rxe2 Nc4 20. Bg5 Nd7 21. Na2 Nce5 22. Nxb4 axb4 23. b3 f6 24. Be3 g5 25. Rd2 Ra5 26. Kf1 Rfa8 27. g3 Nf8 28. Rcd1 Re8 29. Kg2 Ne6 30. Bb6 Ra6 31. a5 Kf8 32. Nd4 Kf7 33. Nxe6 Rxe6 34. f4 gxf4 35. gxf4 Ng6 36. Kf3 Ra8 37. Rd7+ Re7 38. Rxe7+ Kxe7 39. Bc5+ Ke8 40. Bxb4 c5 41. Bc3 b6 42. axb6 Ra3 43. Bxf6 Rxb3+ 44. Kg4 Rxb6 45. e5 Nf8 46. Rd8+ Kf7 47. f5 Rb1 48. Ra8 Rg1+ 49. Kh4 Rf1 50. Ra7+ Ke8 51. Re7+ Kd8 52. Rxh7+ Ke8 53. Re7+ Kd8 54. Ra7+ Ke8 55. e6 Nxe6 56. Re7+ Kf8 57. Rxe6 Rxf5 58. Rc6 Ke8 59. Kg4 Rd5 60. Rc7 Rd6 61. Kf5 Rd3 62. h4 Rf3+ 63. Ke4 1-0

[Event "European Amateur Chess-ch 2022"]
[Site "Zagreb"]
[Date "2022.08.17"]
[Round "5.16"]
[White "Jakupec, Denis"]
[Black "Okrosa, Marijan"]
[Result "1/2-1/2"]
[ECO "D30"]
[WhiteElo "2004"]
[BlackElo "2059"]
[Annotator "NA RC"]
[PlyCount "109"]
[EventDate "2022.08.14"]
[EventCountry "CRO"]
[SourceTitle "playchess.com"]
[Source "ChessBase"]
[SourceQuality "1"]
[TimeControl "40/5400+30:1800+30"]

1. d4 d5 2. c4 e6 3. Nf3 c6 4. e3 Nf6 5. b3 Bb4+ 6. Nbd2 O-O 7. Bd3 Nbd7 8. Bb2 Re8 9. a3 Ba5 10. O-O Bc7 11. Ne5 Nxe5 12. dxe5 Nd7 13. f4 Nc5 14. Bc2 a5 15. Qf3 g6 16. Rad1 b5 17. e4 Qe7 18. exd5 cxd5 19. cxb5 a4 20. b4 Nd7 21. Bd4 Bb6 22. Qe3 Bxd4 23. Qxd4 Bb7 24. Bd3 Rec8 25. Rc1 Qd8 26. Nf3 Rxc1 27. Rxc1 Rc8 28. Rc3 Rc7 29. Bf1 Qc8 30. Rxc7 Qxc7 31. Qa7 Qb6+ 32. Qxb6 Nxb6 33. Nd4 Kf8 34. Kf2 Ke7 35. Ke3 Kd7 36. g3 Kc7 37. Nf3 h6 38. Kd4 Nd7 39. Ne1 Nb6 40. g4 Bc8 41. Bd3 Bd7 42. Ng2 Be8 43. Ne3 Nd7 44. Nd1 f6 45. exf6 Nxf6 46. h3 Kd6 47. Nc3 g5 48. fxg5 e5+ 49. Ke3 hxg5 50. Nxa4 e4 51. Bf1 Ke5 52. Nc5 d4+ 53. Kf2 Nd5 54. Bc4 Nb6 55. Bf1 1/2-1/2

[Event "European Amateur Chess-ch 2022"]
[Site "Zagreb"]
[Date "2022.08.17"]
[Round "5.17"]
[White "Korov, Zvonko"]
[Black "Takac, Zvonko"]
[Result "1-0"]
[ECO "A30"]
[WhiteElo "2015"]
[BlackElo "2040"]
[Annotator "NA RC"]
[PlyCount "83"]
[EventDate "2022.08.14"]
[EventCountry "CRO"]
[SourceTitle "playchess.com"]
[Source "ChessBase"]
[SourceQuality "1"]
[TimeControl "40/5400+30:1800+30"]

1. Nf3 Nf6 2. c4 c5 3. b3 d6 4. Bb2 e5 5. d3 Nc6 6. Nc3 Bg4 7. e3 Be7 8. Be2 O-O 9. O-O Qd7 10. a3 Rfe8 11. Qc2 h6 12. Rad1 a6 13. Rfe1 Rab8 14. Nd5 Nxd5 15. cxd5 Bxf3 16. Bxf3 Na7 17. d4 cxd4 18. exd4 Rbc8 19. Qb1 exd4 20. Bxd4 Nb5 21. Qb2 Nxd4 22. Qxd4 Bf6 23. Rxe8+ Qxe8 24. Qb4 Qe7 25. h3 Qc7 26. Bg4 Re8 27. Re1 Rxe1+ 28. Qxe1 Kf8 29. Qd1 b5 30. a4 Qc5 31. axb5 axb5 32. g3 Bd4 33. Qf3 Qc3 34. Kg2 Qxf3+ 35. Kxf3 Ke7 36. Bc8 Kf6 37. Ba6 b4 38. Ke2 Ke5 39. f4+ Kf6 40. Kf3 g5 41. fxg5+ Kxg5 42. Bc8 1-0

[Event "European Amateur Chess-ch 2022"]
[Site "Zagreb"]
[Date "2022.08.17"]
[Round "5.19"]
[White "Jakovic, Roko"]
[Black "Raljic, Mirko"]
[Result "1-0"]
[ECO "E71"]
[WhiteElo "1921"]
[BlackElo "2023"]
[Annotator "NA RC"]
[PlyCount "75"]
[EventDate "2022.08.14"]
[EventCountry "CRO"]
[SourceTitle "playchess.com"]
[Source "ChessBase"]
[SourceQuality "1"]
[TimeControl "40/5400+30:1800+30"]

1. d4 Nf6 2. c4 g6 3. Nc3 Bg7 4. e4 d6 5. h3 O-O 6. Be3 e5 7. d5 a5 8. g4 Na6 9. Nge2 h5 10. f3 Nh7 11. Qd2 h4 12. g5 f6 13. gxf6 Bxf6 14. Rg1 Kf7 15. f4 Qe7 16. fxe5 Bxe5 17. O-O-O Rg8 18. Nf4 g5 19. Ne6 Qf6 20. Be2 Ke7 21. Rdf1 Qh8 22. Bh5 Bxe6 23. dxe6 Nf6 24. Bxg5 c6 25. Bf7 Rxg5 26. Qxg5 Nc5 27. Rg4 Nxe6 28. Bxe6 Kxe6 29. Rxh4 Qg8 30. Qf5+ Ke7 31. Rh6 Rf8 32. Rg6 Qh8 33. c5 Nd7 34. Qe6+ Kd8 35. Rxf8+ Nxf8 36. Rg8 Bf4+ 37. Kb1 Qh6 38. Qf7 1-0

[Event "European Amateur Chess-ch 2022"]
[Site "Zagreb"]
[Date "2022.08.17"]
[Round "5.20"]
[White "Baric, Marko"]
[Black "Franc, Borna"]
[Result "0-1"]
[ECO "C88"]
[WhiteElo "1948"]
[BlackElo "2020"]
[Annotator "NA RC"]
[PlyCount "120"]
[EventDate "2022.08.14"]
[EventCountry "CRO"]
[SourceTitle "playchess.com"]
[Source "ChessBase"]
[SourceQuality "1"]
[TimeControl "40/5400+30:1800+30"]

1. e4 e5 2. Nf3 Nc6 3. Bb5 a6 4. Ba4 Nf6 5. O-O Be7 6. Re1 b5 7. Bb3 O-O 8. a4 Bb7 9. d3 d6 10. Nbd2 Na5 11. c3 Nxb3 12. Nxb3 c5 13. Bg5 Nd7 14. Na5 Qxa5 15. Bxe7 Rfe8 16. axb5 Qxb5 17. Bg5 h6 18. Be3 Nf6 19. Qc2 Bc8 20. h3 Be6 21. Nd2 Reb8 22. Reb1 Qc6 23. Qa4 Qxa4 24. Rxa4 Bd7 25. Ra3 Bb5 26. c4 Bc6 27. f4 Nd7 28. Nf3 f5 29. fxe5 fxe4 30. dxe4 Bxe4 31. Rd1 Bxf3 32. gxf3 Nxe5 33. b3 Nxf3+ 34. Kf2 Rf8 35. Rxd6 Rae8 36. Ke2 Nd4+ 37. Kd2 Rxe3 38. Kxe3 Nf5+ 39. Ke4 Nxd6+ 40. Kd5 Nb7 41. Kc6 Nd8+ 42. Kxc5 Rf6 43. h4 a5 44. Ra1 Ne6+ 45. Kd5 Kf7 46. Rc1 Rf5+ 47. Kd6 Nc5 48. Rb1 g5 49. hxg5 hxg5 50. b4 axb4 51. Rxb4 g4 52. Rb1 g3 53. Rg1 Rg5 54. Rf1+ Kg7 55. Rg1 g2 56. Kc6 Ne4 57. Kb6 Kg6 58. Kc6 Kh5 59. Kb6 Kh4 60. c5 Nxc5 0-1

[Event "European Amateur Chess-ch 2022"]
[Site "Zagreb"]
[Date "2022.08.17"]
[Round "5.21"]
[White "Cvitkovic, Filip"]
[Black "Starcevic, Danijel"]
[Result "1-0"]
[ECO "E71"]
[WhiteElo "2164"]
[BlackElo "1935"]
[Annotator "TA"]
[PlyCount "61"]
[EventDate "2022.08.14"]
[EventCountry "CRO"]
[SourceTitle "playchess.com"]
[Source "ChessBase"]
[SourceQuality "1"]
[TimeControl "40/5400+30:1800+30"]

1. d4 Nf6 2. c4 g6 3. Nc3 Bg7 4. e4 d6 5. h3 e5 6. d5 {E71: King's Indian: 4 e4 d6 5 h3.} Nh5 7. Be3 (7. Be2 $5 ) 7... O-O 8. g3 {[%cal Bg2g3,Bg3g4][%mdl 32] White is slightly better.} Na6 9. Bd3 {[#] White is more active.} b6 $146 ({Predecessor:} 9... Nc5 10. Be2 Nf6 11. Qc2 a5 12. Nf3 Nfd7 13. g4 f5 14. gxf5 gxf5 15. Bg5 Qe8 16. Rg1 Kh8 {½-½ (73) Kovalenko,I (2646)-Ziska,H (2468) Riga 2013}) 10. Nge2 f5 11. exf5 gxf5 12. g4 f4 13. Bd2 Nc5 14. Bc2 ({Don't go for} 14. Bxh7+ $2 Kxh7 15. Qc2+ Kh8 $19) 14... Nf6 15. b4 Nb7 16. g5 Nh5 17. Ne4 $36 {[%mdl 2048] White has some pressure.} Bd7 18. N2c3 a5 $2 {[%mdl 8192] [#] Loses the game.} 19. Qxh5 $18 {[%cal Oe4d6] White is clearly winning.} Be8 (19... Bf5 $142 20. b5 Bg6) 20. Nf6+ Rxf6 21. Qxh7+ Kf8 22. gxf6 Qxf6 23. Ne4 Qe7 24. bxa5 Nc5 25. Nxc5 dxc5 26. Be4 b5 27. Rg1 {[%cal Od5d6] [#] Black must now prevent d6!} Ra6 28. d6 Rxd6 29. Bd5 Rxd5 30. cxd5 {Threatens to win with Rc1.} e4 31. Qxg7+ {Weighted Error Value: White=0.09 (flawless) /Black=0.61} 1-0

[Event "European Amateur Chess-ch 2022"]
[Site "Zagreb"]
[Date "2022.08.17"]
[Round "5.22"]
[White "Maravic, Ivan"]
[Black "Janiszewski, Maciej"]
[Result "1/2-1/2"]
[ECO "D89"]
[WhiteElo "2009"]
[BlackElo "2075"]
[Annotator "NA RC"]
[PlyCount "247"]
[EventDate "2022.08.14"]
[EventCountry "CRO"]
[SourceTitle "playchess.com"]
[Source "ChessBase"]
[SourceQuality "1"]
[TimeControl "40/5400+30:1800+30"]

1. d4 Nf6 2. c4 g6 3. Nc3 d5 4. cxd5 Nxd5 5. e4 Nxc3 6. bxc3 Bg7 7. Bc4 O-O 8. Ne2 c5 9. O-O Nc6 10. Be3 Bg4 11. f3 Na5 12. Bd3 cxd4 13. cxd4 Be6 14. d5 Bxa1 15. Qxa1 f6 16. Qd4 Bf7 17. Bh6 Re8 18. Bb5 e5 19. Qf2 Re7 20. f4 Qd6 21. Ng3 a6 22. fxe5 Rxe5 23. Bd3 b5 24. Bf4 Rf8 25. Bxe5 fxe5 26. Qd2 Nb7 27. Qh6 b4 28. Kh1 a5 29. Qg5 Kh8 30. Rf6 Qe7 31. h4 Nc5 32. Bb5 Nb7 33. h5 Bg8 34. Rxg6 Qxg5 35. Rxg5 Nd6 36. Be2 a4 37. Bd1 Nxe4 38. Nxe4 Rf1+ 39. Kh2 Rxd1 40. Nf6 Bxd5 41. h6 Rd2 42. Rxe5 Rxg2+ 43. Kh3 Rg6 44. Rxd5 Rxh6+ 45. Nh5 Kg8 46. Rb5 b3 47. axb3 axb3 48. Kg4 Ra6 49. Kf5 Ra2 50. Nf6+ Kf8 51. Rxb3 Ra5+ 52. Ke6 Ra6+ 53. Ke5 Ra5+ 54. Nd5 Kf7 55. Rh3 Kg6 56. Rg3+ Kf7 57. Rh3 Kg6 58. Rg3+ Kf7 59. Rg1 h6 60. Ke4 h5 61. Rg5 Ra4+ 62. Kf5 h4 63. Rh5 Ra5 64. Rh7+ Ke8 65. Ke6 Ra6+ 66. Ke5 Ra5 67. Ke6 Ra6+ 68. Ke5 Ra5 69. Rxh4 Kd7 70. Rh6 Ra1 71. Rd6+ Kc8 72. Rc6+ Kd7 73. Rc7+ Kd8 74. Rh7 Ra5 75. Kd6 Ra6+ 76. Kc5 Rg6 77. Rf7 Ke8 78. Rf5 Kd7 79. Rh5 Rc6+ 80. Kd4 Rc1 81. Nf6+ Ke6 82. Ne4 Rd1+ 83. Ke3 Re1+ 84. Kf3 Rf1+ 85. Ke2 Ra1 86. Nc3 Rc1 87. Kd3 Rg1 88. Rh8 Ke5 89. Re8+ Kf5 90. Kd4 Rh1 91. Re5+ Kf6 92. Ne4+ Kf7 93. Rf5+ Ke6 94. Rf6+ Ke7 95. Ra6 Rh5 96. Rb6 Ra5 97. Nc3 Rh5 98. Nd5+ Kd8 99. Rb7 Kc8 100. Rg7 Rh6 101. Kc5 Kd8 102. Ra7 Ke8 103. Nf4 Rf6 104. Nd3 Rf5+ 105. Kd6 Rf6+ 106. Ke5 Rh6 107. Nf4 Rh1 108. Kd6 Rg1 109. Re7+ Kf8 110. Ne6+ Kg8 111. Re8+ Kh7 112. Ke7 Rf1 113. Ra8 Rf2 114. Ra1 Kg6 115. Ra8 Rf7+ 116. Kd6 Rf1 117. Rg8+ Kh7 118. Rg2 Kh6 119. Ke5 Kh7 120. Nf4 Ra1 121. Kf6 Rf1 122. Rg4 Rf2 123. Kf7 Kh6 124. Kg8 1/2-1/2

[Event "European Amateur Chess-ch 2022"]
[Site "Zagreb"]
[Date "2022.08.17"]
[Round "5.23"]
[White "Pal, Rohan"]
[Black "Kanizaj, Benjamin"]
[Result "0-1"]
[ECO "B31"]
[WhiteElo "1935"]
[BlackElo "2050"]
[Annotator "NA RC"]
[PlyCount "118"]
[EventDate "2022.08.14"]
[EventCountry "CRO"]
[SourceTitle "playchess.com"]
[Source "ChessBase"]
[SourceQuality "1"]
[TimeControl "40/5400+30:1800+30"]

1. e4 c5 2. Be2 d6 3. f4 e6 4. Nf3 Nc6 5. O-O Nf6 6. d3 Be7 7. Kh1 O-O 8. Be3 Ng4 9. Bg1 f5 10. exf5 exf5 11. d4 b6 12. dxc5 dxc5 13. Bc4+ Kh8 14. h3 Nh6 15. Nc3 Bb7 16. Qe2 Nd4 17. Nxd4 cxd4 18. Rad1 Bc5 19. Qh5 Rf6 20. Be2 Rd6 21. Nb5 Rd7 22. Bf3 Be4 23. c3 a6 24. Nxd4 Bxf3 25. Qxf3 Rc8 26. Ne6 Qe7 27. Rde1 Bxg1 28. Nd4 Qf7 29. Kxg1 Qxa2 30. Re2 Ng8 31. Nxf5 Nf6 32. Rfe1 Qc4 33. Qe3 b5 34. Qe6 Qxf4 35. Qxd7 Nxd7 36. Re8+ Nf8 37. Rxc8 Qxf5 38. Ree8 Kg8 39. Rxf8+ Qxf8 40. Rxf8+ Kxf8 41. Kf2 Ke7 42. b4 Kd6 43. Ke3 Ke5 44. Kf3 Kd5 45. Ke3 Kc4 46. Kd2 Kb3 47. Kd3 Ka3 48. Kd4 Ka4 49. Kc5 a5 50. h4 axb4 51. cxb4 h5 52. g3 g6 53. Kd5 Kxb4 54. Ke6 Kc5 55. Kf6 b4 56. Kxg6 b3 57. Kxh5 b2 58. g4 b1=Q 59. Kh6 Qe4 0-1

[Event "European Amateur Chess-ch 2022"]
[Site "Zagreb"]
[Date "2022.08.18"]
[Round "6.1"]
[White "Begic, Domagoj"]
[Black "Vrban, Mladen"]
[Result "1-0"]
[ECO "B06"]
[WhiteElo "2026"]
[BlackElo "2297"]
[Annotator "NA RC"]
[PlyCount "111"]
[EventDate "2022.08.14"]
[EventCountry "CRO"]
[SourceTitle "playchess.com"]
[Source "ChessBase"]
[SourceQuality "1"]
[TimeControl "40/5400+30:1800+30"]

1. e4 g6 2. d4 Bg7 3. c3 d6 4. Bd3 Nc6 5. Be3 e5 6. d5 Nce7 7. g4 Nf6 8. f3 c6 9. c4 c5 10. Nc3 h5 11. g5 Nh7 12. h4 O-O 13. Qd2 Bd7 14. Nge2 a6 15. O-O-O b5 16. Rdf1 Qa5 17. Kb1 Rfb8 18. Ka1 bxc4 19. Bxc4 Rb4 20. Bd3 Rab8 21. Rb1 Bb5 22. a3 Bxd3 23. Qxd3 Nf8 24. Qd2 R4b7 25. Na2 Qa4 26. Nec3 Qa5 27. Ne2 Qa4 28. Nec3 Qc4 29. b4 cxb4 30. Nxb4 a5 31. Qd3 Qc8 32. Nba2 Nd7 33. Rhc1 Nc5 34. Bxc5 Qxc5 35. Rxb7 Rxb7 36. Rb1 Rxb1+ 37. Nxb1 Nxd5 38. Qxd5 Qxd5 39. exd5 e4+ 40. Nac3 exf3 41. Kb2 f6 42. Nd2 fxg5 43. hxg5 f2 44. Kc2 h4 45. Nce4 Bd4 46. a4 h3 47. Nf1 Kf8 48. Kd3 Be5 49. Nxf2 h2 50. Ke4 Ke8 51. Kf3 Kd7 52. Kg2 Kc7 53. Nxh2 Kb6 54. Ne4 Bf4 55. Nf3 Be3 56. Kf1 1-0

[Event "European Amateur Chess-ch 2022"]
[Site "Zagreb"]
[Date "2022.08.18"]
[Round "6.2"]
[White "Babic, Zvonko"]
[Black "Starcevic, Ante Leon"]
[Result "1/2-1/2"]
[ECO "A11"]
[WhiteElo "2180"]
[BlackElo "2152"]
[Annotator "NA RC"]
[PlyCount "67"]
[EventDate "2022.08.14"]
[EventCountry "CRO"]
[SourceTitle "playchess.com"]
[Source "ChessBase"]
[SourceQuality "1"]
[TimeControl "40/5400+30:1800+30"]

1. Nf3 Nf6 2. b3 g6 3. Bb2 Bg7 4. g3 d5 5. c4 c6 6. Bg2 O-O 7. O-O b6 8. d3 Bb7 9. cxd5 cxd5 10. Nbd2 Nc6 11. Ne5 Nxe5 12. Bxe5 Rc8 13. b4 Qd7 14. Nf3 Ne8 15. Qb3 Bxe5 16. Nxe5 Qe6 17. Nf3 Nd6 18. e3 Rc7 19. Rac1 Rfc8 20. Rxc7 Rxc7 21. b5 Qf6 22. Nd4 e5 23. Nc6 Bxc6 24. bxc6 Rxc6 25. Qxd5 Rc7 26. h4 Kg7 27. Qb3 Rc5 28. Rd1 Rb5 29. Qc3 Ra5 30. Rd2 Qe6 31. h5 Rc5 32. Qa3 Ra5 33. Qc3 Rc5 34. Qa3 1/2-1/2

[Event "European Amateur Chess-ch 2022"]
[Site "Zagreb"]
[Date "2022.08.18"]
[Round "6.3"]
[White "Brigljevic, Milan"]
[Black "Vujec, Ivan"]
[Result "0-1"]
[ECO "A04"]
[WhiteElo "2161"]
[BlackElo "2192"]
[Annotator "NA RC"]
[PlyCount "48"]
[EventDate "2022.08.14"]
[EventCountry "CRO"]
[SourceTitle "playchess.com"]
[Source "ChessBase"]
[SourceQuality "1"]
[TimeControl "40/5400+30:1800+30"]

1. Nf3 f5 2. b3 Nf6 3. Bb2 Nc6 4. g3 d6 5. Bg2 e5 6. d3 Be7 7. O-O O-O 8. c4 Qe8 9. Nc3 Qh5 10. Nd5 f4 11. gxf4 Bh3 12. Bxh3 Qxh3 13. Ng5 Qh6 14. e3 Nxd5 15. cxd5 exf4 16. Ne6 Rf5 17. Nxf4 Ne5 18. Kh1 Raf8 19. Rg1 Bg5 20. Ne6 Rxf2 21. Rg2 Rxg2 22. Kxg2 Rf2+ 23. Kxf2 Qxh2+ 24. Kf1 Qh1+ 0-1

[Event "European Amateur Chess-ch 2022"]
[Site "Zagreb"]
[Date "2022.08.18"]
[Round "6.4"]
[White "Bouget, Alexandre"]
[Black "Karlusic, Luka"]
[Result "0-1"]
[ECO "D45"]
[WhiteElo "2282"]
[BlackElo "2089"]
[Annotator "NA RC"]
[PlyCount "46"]
[EventDate "2022.08.14"]
[EventCountry "CRO"]
[SourceTitle "playchess.com"]
[Source "ChessBase"]
[SourceQuality "1"]
[TimeControl "40/5400+30:1800+30"]

1. d4 d5 2. c4 c6 3. Nf3 Nf6 4. Nc3 e6 5. e3 Nbd7 6. Qc2 Bd6 7. g4 h6 8. Bd2 a6 9. Rg1 e5 10. cxd5 cxd5 11. dxe5 Nxe5 12. Nxe5 Bxe5 13. g5 hxg5 14. Rxg5 Ng4 15. e4 Qf6 16. f4 Bxf4 17. Nxd5 Bg3+ 18. hxg3 Qf2+ 19. Kd1 Qxf1+ 20. Be1 Rh2 21. Qc3 Nf2+ 22. Kc1 Nd3+ 23. Kd1 Qe2# 0-1

[Event "European Amateur Chess-ch 2022"]
[Site "Zagreb"]
[Date "2022.08.18"]
[Round "6.5"]
[White "Peric, Bernard"]
[Black "Colev, Ivor"]
[Result "1-0"]
[ECO "B81"]
[WhiteElo "2112"]
[BlackElo "1950"]
[Annotator "NA RC"]
[PlyCount "51"]
[EventDate "2022.08.14"]
[EventCountry "CRO"]
[SourceTitle "playchess.com"]
[Source "ChessBase"]
[SourceQuality "1"]
[TimeControl "40/5400+30:1800+30"]

1. e4 c5 2. Nf3 d6 3. d4 cxd4 4. Nxd4 Nf6 5. Nc3 e6 6. g4 h6 7. h4 Nc6 8. Rg1 h5 9. gxh5 Nxh5 10. Bg5 Nf6 11. Qd2 a6 12. O-O-O Bd7 13. Kb1 Qc7 14. Rg3 O-O-O 15. Bxf6 gxf6 16. Nd5 exd5 17. Nxc6 Bh6 18. f4 Rde8 19. Nb4 Rxe4 20. Nxd5 Qd8 21. Qc3+ Kb8 22. Nxf6 Re7 23. Rxd6 Bxf4 24. Rxd7 Bxg3 25. Rxd8+ Rxd8 26. Qxg3+ 1-0